 Dungeon Crawl Stone Soup version 0.28.0-53-g5a82cb258f (webtiles) character file.

Game seed: 15934984853674939735

150 Gabide the Grave Robber (level 5, -1/38 HPs)
             Began as a Mummy Necromancer on May 28, 2022.
             Was a High Priest of Ignis.
             Slain by an ufetubus (4 damage)
             ... summoned by Eustachio
             ... on level 4 of the Dungeon.
             The game lasted 00:07:34 (3604 turns).

Gabide the Grave Robber (Mummy Necromancer)         Turns: 3604, Time: 00:07:35

Health: -1/38      AC:  8    Str: 11    XL:     5   Next: 10%
Magic:  10/11      EV: 10    Int: 16    God:    Ignis [*****.]
Gold:   89         SH:  0    Dex: 13    Spells: 11/12 levels left

rFire   . . .      SeeInvis .   c - +1 short sword
rCold   + . .      Faith    .   (no shield)
rNeg    + + +      Spirit   .   g - +0 ring mail
rPois   ∞          Reflect  .   a - +0 helmet
rElec   .          Harm     .   (no cloak)
rCorr   .          Rampage  .   (no gloves)
Will    .....                   b - +1 pair of boots
Stlth   +.........              k - amulet of magic regeneration
HPRegen 0.12/turn               d - ring of flight
MPRegen 0.52/turn               (no ring)

@: flying
A: cold resistance 1, negative energy resistance 3, torment resistance 2, heat
vulnerability 1, no potions
a: Renounce Religion, Fiery Armour, Foxfire Swarm, Rising Flame


You were on level 4 of the Dungeon.
You worshipped Ignis.
Ignis was extremely pleased with you.
You visited 1 branch of the dungeon, and saw 4 of its levels.

You collected 89 gold pieces.

Inventory:

Hand Weapons
 c - a +1 short sword (weapon)
Armour
 a - a +0 helmet (worn)
 b - a +1 pair of boots (worn)
 f - a +0 leather armour
 g - a +0 ring mail (worn)
Jewellery
 d - a ring of flight (left hand)
 k - an amulet of magic regeneration (around neck)
Scrolls
 i - a scroll of vulnerability
 j - a scroll of identify {unknown}


   Skills:
 - Level 2.0 Fighting
 - Level 2.0 Armour
 - Level 2.0 Dodging
 - Level 1.5 Stealth
 + Level 1.3 Unarmed Combat
 - Level 4.0 Spellcasting
 - Level 4.0 Necromancy


You had 11 spell levels left.
You knew the following spells:

 Your Spells              Type           Power      Damage    Failure   Level
a - Pain                  Necr           64%        1d7       8%          1

Your spell library contained the following spells:

 Spells                   Type           Power      Damage    Failure   Level
 Animate Skeleton         Necr           32%        N/A       8%          1
 Vampiric Draining        Necr           16%        2d7       22%         3
 Animate Dead             Necr           8%         N/A       58%         4
 Frozen Ramparts          Ice            6%         1d2       75%         3
 Agony                    Necr           16%        N/A       91%         5
 Summon Ice Beast         Ice/Summ       3%         N/A       98%         4
 Fireball                 Conj/Fire      1%         3d3       100%        5
 Starburst                Conj/Fire      1%         6d3       100%        6
 Ignition                 Fire           1%         3d3       100%        8
 Ice Form                 Ice/Tmut       Unusable   N/A       N/A         4

Dungeon Overview and Level Annotations

Branches:
Dungeon (4/15)             Temple (0/1) D:4

Altars:
Ignis

Shops:
D:1 !

Annotations:
D:4 Eustachio


Innate Abilities, Weirdness & Mutations

You are immune to poison.
Your flesh is cold resistant. (rC+)
You are immune to negative energy. (rN+++)
You are immune to unholy pain and torment.
You are vulnerable to heat. (rF-)
You do not drink.


Message History

Aiming: Pain (safe; 8% risk of failure)
Press: ? - help, Q - select action Shift-Dir - straight line, f/p - Eustachio
Aim: Eustachio, wielding a +0 falchion and wearing a +0 leather armour (moderately wounded, chance to affect: 73%) Eustachio writhes in agony.
The crimson imp disappears in a puff of smoke!
The bat closely misses you. The bat hits you but does no damage.
Eustachio gestures wildly while chanting.
Eustachio blinks!
The ufetubus hits you but does no damage. x2
Aiming: Pain (safe; 8% risk of failure)
Press: ? - help, Q - select action Shift-Dir - straight line, f/p - Eustachio
Aim: Eustachio, wielding a +0 falchion and wearing a +0 leather armour (moderately wounded, chance to affect: 73%) Eustachio struggles to resist.
The bat hits you but does no damage. x2; The ufetubus misses you.
The ufetubus closely misses you. The ufetubus barely misses you.
The ufetubus hits you.
* * * LOW HITPOINT WARNING * * *
As you read the scroll labelled ANKIRAS XIFAG, it crumbles to dust.
You feel aware of your surroundings.
It was a scroll of magic mapping.
The bat closely misses you. The bat hits you but does no damage.
The iron imp barely misses you.
The ufetubus hits you but does no damage.
The ufetubus completely misses you.
As you read the scroll labelled ASUYXA XUEFE, it crumbles to dust.
It is a scroll of enchant weapon.
Your +0 short sword glows red for a moment.
The bat hits you but does no damage. The bat closely misses you.
The ufetubus closely misses you.
The ufetubus hits you but does no damage.
The bat hits you but does no damage. The iron imp closely misses you.
The ufetubus hits you but does no damage. x2
You barely miss Eustachio.
Eustachio is moderately wounded.
The bat completely misses you. The bat hits you but does no damage.
The bat misses you.
Eustachio casts a spell.
The ufetubus hits you.
* * * LOW HITPOINT WARNING * * *
The ufetubus hits you.
You die...

,,,,,*,,,,,#.....#####.#.##......
,,*****,>.#####.....##.#.#####.##
,,,,,*,,,..#.........†.#.#####.#
**,,*,,,*...#..#.#..####.......#
***,,,,**#.....#.#..# #########
****,,*,*.#....#.#..#
,****,,,*....b.#.#..#
,,*,,,,,*,,*#..@55..#
,,*,,,,,,,,*####@####
*,*,,,,,,,,* #b# ,,*,,,,,,,**
**#b# ,,*,,,,,,,* #..5#
,,*,,,,,,,* #.### *,*,,,,,,,* #.*
,,***********#,* *******,,,,,,*,*
*,,,,,,,***,*,*


You could see Eustachio, an iron imp (summoned), a white imp (summoned), an
ufetubus (summoned) and 3 bats.

Vanquished Creatures
  An iguana (D:4)
  An orc wizard (D:3)
  2 adders
  An adder skeleton (D:4)
  A worm (D:2)
  3 dart slugs
  4 orcs (D:3)
  4 ball pythons
  3 bats
  5 endoplasms
  7 giant cockroaches
  3 goblins (D:1)
  7 hobgoblins
  5 quokkas
  2 frilled lizards (D:3)
  7 kobolds
  A quokka skeleton (D:4)
  3 rats
60 creatures vanquished.

Vanquished Creatures (others)
  5 toadstools (D:1)
5 creatures vanquished.

Grand Total: 65 creatures vanquished

Notes
Turn   | Place    | Note
-------+----------+-------------------------------------------
     0 | D:1      | Gabide the Mummy Necromancer began the quest for the Orb.
     0 | D:1      | Reached XP level 1. HP: 13/13 MP: 4/4
   264 | D:1      | Reached skill level 1 in Armour
   265 | D:1      | Reached XP level 2. HP: 18/19 MP: 0/6
   375 | D:1      | Found a faded altar of an unknown god.
   383 | D:1      | Prayed at the altar of an unknown god.
   383 | D:1      | Became a worshipper of Ignis, the Dying Flame
   474 | D:1      | Found Siorph's Distillery.
  1490 | D:2      | Reached XP level 3. HP: 24/24 MP: 4/7
  1698 | D:2      | Reached skill level 1 in Fighting
  3050 | D:3      | Reached XP level 4. HP: 33/33 MP: 6/8
  3527 | D:4      | Reached skill level 1 in Unarmed Combat
  3527 | D:4      | Reached XP level 5. HP: 34/38 MP: 6/11
  3570 | D:4      | Noticed Eustachio
  3604 | D:4      | Slain by an ufetubus

Illustrated notes

Levels and vault maps discovered:
D:1:      ldierk_walled_garden, layout_basic, basic_ecumenical_altar,
          serial_shops, nicolae_shop_statue_plus
D:2:      layout_basic
D:3:      layout_basic, nrook_campfire, hangedman_decor_points
D:4:      layout_loops_cross, minmay_temple_entry_arrows,
          gammafunk_ghost_necromancy, chequers_serial_rivers_small_3,
          uniq_eustachio

Skill      XL: |  1  2  3  4 |
---------------+-------------+-----
Spellcasting   | 3 4 |  4.0
Armour         | 1 2 |  2.0
Fighting       | 2 |  2.0
Dodging        | 2 |  2.0
Unarmed Combat | 1 |  1.3
Stealth        | |  1.5
Necromancy     | |  4.0

Action                   |  1- 3 |  4- 6 || total
-------------------------+-------+-------++-------
Melee: Short sword       |     6 |    41 ||    47
       Punch             |       |     3 ||     3
 Cast: Pain              |    90 |    45 ||   135
  Use: Scroll            |       |     3 ||     3
Armor: Leather armour    |     3 |       ||     3
       Ring mail         |     3 |    47 ||    50
Dodge: Dodged            |    11 |    51 ||    62
